[Event "SELL Games"]
[Site "Tartu, Estonia"]
[Date "2023.05.19"]
[Round "4.1"]
[White "Laurusas, Tomas"]
[Black "Vardanyan, Aras"]
[Result "0-1"]
[TimeControl "15min + 10sec per move each"]
[WhiteTitle "GM"]
[BlackTitle "FM"]
[WhiteFideId "12803731"]
[BlackFideId "12808792"]
[WhiteElo "2504"]
[BlackElo "2255"]

1. d4 Nf6 2. c4 e6 3. Nf3 d5 4. Nc3 a6 5. cxd5 exd5 6. Bg5 Be6 7. e3 Nbd7 8. h3 Bd6 9. Bd3 Qb8 10.
Qd2 c6 11. Bf4 O-O 12. O-O Re8 13. Rfe1 a5 14. Rac1 Nh5 15. Bxd6 Qxd6 16. Qc2 Nhf6 17. Ne2 Ne4 18. Bxe4 dxe4 19.
Qxe4 Bxa2 20. Qc2 Bd5 21. Nd2 Nf6 22. Ng3 Qb4 23. e4 Be6 24. Nf3 a4 25. Re3 Red8 26. Qb1 h6 27. Rec3 Ra6 28.
Qa1 Rb6 29. R1c2 Rb5 30. Qc1 Qe7 31. Re2 Nh5 32. Nxh5 Rxh5 33. Qe3 Rb5 34. Rd2 Qf6 35. Ne5 c5 36. Nf3 cxd4 37. Nxd4 Rb4 38. e5 Qe7 39. f4 Qd7 40.
Rcc2 Rxd4 0-1

[Event "SELL Games"]
[Site "Tartu, Estonia"]
[Date "2023.05.19"]
[Round "4.2"]
[White "Vanagas, Tadas"]
[Black "Stauskas, Lukas"]
[Result "0-1"]
[TimeControl "15min + 10sec per move each"]
[WhiteFideId "12805467"]
[BlackFideId "12808148"]
[WhiteElo "2225"]
[BlackElo "2296"]

1. e4 c5 2. Nf3 e6 3.
d4 cxd4 4. Nxd4 Nc6 5. Nc3 Qc7 6. Be3 a6 7. a3 Nf6 8. f3 Be7 9. Qd2 b5 10. Nxc6 dxc6 11.
a4 Rb8 12. Bd3 e5 13. O-O O-O 14. Qf2 Be6 15. axb5 axb5 16. Ra7 Rb7 17. Rfa1 Nd7 18. Rxb7 Qxb7 19. Ra7 Qb8 20. b3 Rd8 21. g3 Bb4 22. Nd1 c5 23. Ra1 c4 24. bxc4 bxc4 25. Be2 Bf8 26. Qe1 Bb4 27.
Qf1 Qc7 28. Ra4 Rb8 29. Kg2 Qc6 30. Ra1 h6 31. h4 Bf8 32. Qe1 Bb4 33. Qf1 h5 34. Nf2 Bc3 35. Rb1 Ra8 36. Nd1 Bd4 37. Qf2 Qc5 38. f4 Nf6 39. fxe5 Bxe3 40. Qxe3 Qxe5 41. Nf2 Ra2 42.
Rc1 g6 43. Bf3 Kg7 44. Qf4 Qc3 45. Nd1 Qa3 46. Nf2 Nd7 47. e5 Qc3 48. Ne4 Qxe5 49. Qxe5+ Nxe5 50. Nd6 Nd7 51. Be2 Ne5 52. Kf1 Ra6 53. Nb5 Bg4 54. Nd4 Ra3 55. Kf2 Bxe2 56. Nxe2 Ng4+ 57.
Ke1 Kf6 58. Rb1 Ke5 59. Rb7 f6 60. Re7+ Kd6 61. Rg7 Ne5 62. Rg8 Kd5 63. Kf2 Ke4 64. Rd8 Ng4+ 65. Kg2 Ne3+ 66. Kf2 Ng4+ 67.
Kg2 Ke3 68. Nf4 Ra2 69. Re8+ Kd4 70.
Re2 Rxc2 71. Rxc2 Ne3+ 72. Kf3 Nxc2 73. Nxg6 Kd3 74.
Nf4+ Kd2 75. Nd5 Nd4+ 76. Ke4 Ne2 77. Kf5 Nxg3+ 78. Kxf6 c3 79. Nb4 c2 80. Na2 Ne4+ 81. Kg6 Nc3 0-1

[Event "SELL Games"]
[Site "Tartu, Estonia"]
[Date "2023.05.19"]
[Round "4.3"]
[White "Sirp, Karl Aleksander"]
[Black "Obolonin, Filipp"]
[Result "1/2-1/2"]
[TimeControl "15min + 10sec per move each"]
[WhiteFideId "4504712"]
[BlackFideId "4505549"]
[WhiteElo "2033"]
[BlackElo "2017"]

1. d4 d5 2. Bf4 Nf6 3. Nf3 c6 4. e3 h6 5. Bd3 Bg4 6. h3 Bxf3 7. Qxf3 e6 8. Nd2 Be7 9. O-O Nbd7 10. e4 dxe4 11. Nxe4 Nxe4 12.
Bxe4 Nf6 13. Rad1 Nxe4 14. Qxe4 Qd5 15. Qxd5 cxd5 16. Rd3 Rc8 17.
c3 b5 18. Bg3 Kd7 19. Re1 Rc6 20. Rde3 Rhc8 21. a3 a5 22. f3 b4 23. axb4 axb4 24. Ra1 bxc3 25. Ra7+ Ke8 26. bxc3 Bf6 27. Be1 R6c7 28. Ra5 Kf8 29.
f4 g6 30. g4 Rxc3 31. Bxc3 Rxc3 32. Rxc3 Bxd4+ 33. Kg2 Bxc3 34. Ra7 Kg7 35. Kf3 Kf6 36. Rc7 Bd2 37. Rc6 h5 38. Ra6 hxg4+ 39. hxg4 Bc1 40. Rc6 Bd2 41.
Ra6 g5 42. f5 Bf4 43. Ra7 Bc1 44. Rc7 Bf4 45. Rd7 Bd2 46. Ke2 Bc1 47. Kf3 Bf4 48. Ra7 Bd2 49. Rb7 Bf4 50. Rd7 Be5 51.
Rb7 Bd4 52. Rc7 Bb2 53. Rb7 Ba1 54. Ra7 Bd4 55. Rc7 Be5 56. Ra7 Bf4 57. Rb7 exf5 58. gxf5 Kxf5 59. Rxf7+ Ke5 60. Ra7 Kd4 61. Ra4+ Kc3 62. Ra6 d4 63.
Ke4 Be3 64. Ra2 Bc1 1/2-1/2

[Event "SELL Games"]
[Site "Tartu, Estonia"]
[Date "2023.05.19"]
[Round "4.4"]
[White "Tvarijonas, Tomas"]
[Black "Piksis, Davids"]
[Result "1-0"]
[TimeControl "15min + 10sec per move each"]
[WhiteTitle "FM"]
[WhiteFideId "12805432"]
[BlackFideId "11609117"]
[WhiteElo "2181"]
[BlackElo "1770"]

1. e4 c5 2. Nf3 e6 3. d4 cxd4 4. Nxd4 Nc6 5. Nc3 Bc5 6. Nb3 Bb6 7. Be2 Nge7 8. O-O d5 9. exd5 Nxd5 10. Nxd5 Qxd5 11. Bf3 Qxd1 12. Rxd1 Ne5 13. Be2 Bd7 14.
a4 Rc8 15. a5 Bd8 16. c3 Bc6 17. a6 Bb6 18. Na5 bxa6 19. Bxa6 Rd8 20. Rxd8+ Kxd8 21. Bf4 Bxa5 22. Rxa5 Nd7 23.
Be3 Ke7 24. Be2 Rb8 25. b4 Kf6 26.
Bxa7 1-0

[Event "SELL Games"]
[Site "Tartu, Estonia"]
[Date "2023.05.19"]
[Round "4.5"]
[White "Simkunaite, Gabija"]
[Black "Sibajeva, Marija"]
[Result "1-0"]
[TimeControl "15min + 10sec per move each"]
[WhiteTitle "WFM"]
[BlackTitle "WFM"]
[WhiteFideId "12808253"]
[BlackFideId "12807583"]
[WhiteElo "1964"]
[BlackElo "1953"]

1. e4 d5 2. exd5 Qxd5 3.
Nc3 Qa5 4. Bc4 Nf6 5. d3 c6 6. Bd2 Qc7 7. Qe2 e6 8. Nf3 Bd6 9. O-O-O O-O 10. h4 b5 11. Bb3 a5 12. a4 b4 13. Ne4 Nxe4 14. Qxe4 Nd7 15.
h5 Nc5 16. Qe3 Nxb3+ 17. cxb3 e5 18. Kb1 f6 19. Rdg1 Be6 20. d4 e4 21. Nh4 f5 22. Ka1 Bd5 23. Qh3 Qf7 24. f3 Bxb3 25.
fxe4 fxe4 26. g4 Bxa4 27. g5 Qb3 28. Qg4 e3 29. Rh3 Bb5 30. Rxe3 Bd3 31. Rxd3 Qxd3 32. Qe6+ Kh8 33. Qxd6 Qxd2 34.
Ng6+ hxg6 35. hxg6 1-0

[Event "SELL Games"]
[Site "Tartu, Estonia"]
[Date "2023.05.19"]
[Round "4.6"]
[White "Galdikaite, Greta"]
[Black "Bekasovs, Rihards"]
[Result "0-1"]
[TimeControl "15min + 10sec per move each"]
[WhiteFideId "12819956"]
[BlackFideId "11606029"]
[WhiteElo "1195"]
[BlackElo "2107"]

1. e4 c6 2. d3 d5 3. Nc3 g6 4.
Nf3 Bg7 5. Bf4 Bg4 6. h3 Bxf3 7. Qxf3 e6 8. Be2 Nd7 9. O-O a6 10. Qe3 d4 11. Qd2 dxc3 12. bxc3 Ne7 13. d4 O-O 14.
Rab1 b5 15. c4 e5 16. Be3 exd4 17. Bxd4 Ne5 18. cxb5 axb5 19. c3 Nc4 20. Bxc4 bxc4 21. e5 Bxe5 22. Rfe1 Bxd4 23. cxd4 Nd5 24.
Rbc1 c3 25. Qc2 Qd6 26. Re4 Rfe8 27. Rxe8+ Rxe8 28. a4 Qb4 29. Rd1 Qb2 0-1

[Event "SELL Games"]
[Site "Tartu, Estonia"]
[Date "2023.05.19"]
[Round "4.7"]
[White "Mikelsons, Mikelis-Emils"]
[Black "Maciuityte, Greta"]
[Result "0-1"]
[TimeControl "15min + 10sec per move each"]
[WhiteFideId "11607475"]
[BlackFideId "12806765"]
[WhiteElo "1877"]
[BlackElo "1715"]

1. c4 d5 2. d4 Nf6 3. cxd5 Nxd5 4.
e4 Nb6 5. Nc3 e6 6. Nf3 Be7 7. Bd3 Nc6 8. O-O O-O 9. e5 h6 10. a3 f5 11. exf6 Bxf6 12. Be3 Nd5 13. Bc2 Nde7 14.
Qd3 Nf5 15. g4 Nfe7 16. g5 hxg5 17. Qh7+ Kf7 18. Qh5+ g6 19. Qh7+ Ke8 20. Nxg5 Bxg5 21. Bxg5 Qxd4 22. Bxg6+ Nxg6 23.
Qxg6+ Rf7 24. Ne4 Qg7 25. Nf6+ Kf8 26. Bh6 Ne5 27. Bxg7+ Rxg7 28. Qxg7+ Kxg7 29. Ne8+ Kf7 30. f4 Nd3 31.
Nxc7 Rb8 32. b4 Bd7 33. Rad1 Rg8+ 34. Kh1 Bc6+ 0-1

[Event "SELL Games"]
[Site "Tartu, Estonia"]
[Date "2023.05.19"]
[Round "4.8"]
[White "Perminaite, Guoda"]
[Black "Vanagaite, Giedre"]
[Result "1-0"]
[TimeControl "15min + 10sec per move each"]
[BlackTitle "WFM"]
[WhiteFideId "12808784"]
[BlackFideId "12800546"]
[WhiteElo "1725"]
[BlackElo "1995"]

1. e4 c5 2. Nf3 Nc6 3. d4 cxd4 4. Nxd4 Qb6 5. Nb3 Nf6 6. Nc3 e6 7. Be3 Qc7 8. a3 a6 9.
Bd3 b5 10. f4 d6 11. g4 Bb7 12. g5 Nd7 13. h4 Rc8 14. Qf3 b4 15. Ne2 bxa3 16. bxa3 Na5 17. O-O d5 18. Nxa5 Qxa5 19. e5 Bc5 20. Kh2 Bxe3 21.
Qxe3 O-O 22. Nd4 Nc5 23. Be2 Ne4 24.
Nb3 Qc3 25. Bd3 Nc5 26. Bxh7+ Kxh7 27. Qxc3 Ne4 28. Qb2 Rc3 29. Nd4 Ba8 30. Rad1 Rfc8 31. Rd3 R3c7 32. Kg2 Nc3 33. f5 Nb5 34. Rf2 Rc4 35. Nxb5 d4+ 36. Kg3 axb5 37.
fxe6 fxe6 38. Rxd4 Rc3+ 39. Rd3 R3c5 40. Re3 Bd5 41. c3 Bc4 42. Qc2+ Kg8 43. Qg6 Ra8 44. Rf7 1-0

[Event "SELL Games"]
[Site "Tartu, Estonia"]
[Date "2023.05.19"]
[Round "5.1"]
[White "Vardanyan, Aras"]
[Black "Tvarijonas, Tomas"]
[Result "0-1"]
[TimeControl "15min + 10sec per move each"]
[WhiteTitle "FM"]
[BlackTitle "FM"]
[WhiteFideId "12808792"]
[BlackFideId "12805432"]
[WhiteElo "2255"]
[BlackElo "2181"]

1. d4 Nf6 2. c4 e6 3. Nc3 d5 4. cxd5 exd5 5. Bg5 Be7 6. e3 O-O 7. Bd3 h6 8. Bh4 c6 9. Nge2 Ne4 10. Bxe7 Qxe7 11. Bxe4 dxe4 12.
Ng3 f5 13. O-O Be6 14. f3 Qg5 15. fxe4 Qxe3+ 16. Kh1 fxe4 17. Rxf8+ Kxf8 18. Qf1+ Kg8 19. Re1 Qxd4 20. Rd1 Qf6 21.
Qxf6 gxf6 22. Rd8+ Kf7 23. Ngxe4 Ke7 24. Rh8 b6 25. h4 f5 26. Ng3 b5 27. a3 a5 28. Kh2 Kd6 29. h5 b4 30.
Na4 c5 31. Rxh6 Nd7 32. Nxf5+ Ke5 33. Ng7 Bb3 34. Nb6 Nxb6 35. Rxb6 Bd5 36. g4 bxa3 37. bxa3 c4 38. Nf5 Kf4 39. Rd6 Ke5 40. Rb6 Kf4 41.
Ne7 Be4 42. Kh3 c3 43. Rf6+ Ke3 44. Rf1 c2 45. g5 Rd8 46. Rc1 Rd1 47. Rxc2 Bxc2 48. g6 Kf3 49. Kh2 Rd4 50. Kh3 Rd1 51.
Kh2 Rd4 52. Kh3 Rd7 53. g7 Bh7 54. g8=Q Bxg8 55. Nxg8 Rd8 56. Ne7 Rd1 57. Kh4 Kf4 58. Ng6+ Kf5 59. Ne7+ Kf6 60. Ng8+ Kg7 61.
Ne7 Ra1 62. Kg5 Rxa3 63. Nf5+ Kh7 64. Kf4 Rh3 65. Ke4 a4 66. Kd4 0-1

[Event "SELL Games"]
[Site "Tartu, Estonia"]
[Date "2023.05.19"]
[Round "5.2"]
[White "Stauskas, Lukas"]
[Black "Laurusas, Tomas"]
[Result "1-0"]
[TimeControl "15min + 10sec per move each"]
[BlackTitle "GM"]
[WhiteFideId "12808148"]
[BlackFideId "12803731"]
[WhiteElo "2296"]
[BlackElo "2504"]

1. d4 Nf6 2. c4 e6 3. Nc3 Bb4 4.
Qc2 d6 5. Nf3 Nbd7 6. Bd2 e5 7. dxe5 dxe5 8. a3 Bxc3 9. Bxc3 Qe7 10. e3 O-O 11. Be2 b6 12. O-O Bb7 13. b4 c5 14.
Rfd1 Ne4 15. Bb2 Ng5 16. Qf5 Nxf3+ 17. Bxf3 Bxf3 18. Rxd7 Be4 19. Rxe7 Bxf5 20. Rxe5 Be6 21. bxc5 Bxc4 22. Rc1 Be6 23. c6 Rac8 24.
c7 Rfe8 25. Rg5 g6 26. Bf6 Bf5 27. Rg3 Re6 28. Bd8 Kg7 29. Rf3 Rd6 30. h3 Rd3 31. Ra1 Be4 32. Bf6+ Kf8 33. Rf4 Bf5 34. Bd8 Ke8 35. g4 Be6 36. Ra4 Ra8 37. Rc1 Rd6 38.
Kh2 h6 39. Kg3 Rd3 40. Re4 Kd7 41. Rd4+ Rxd4 42. exd4 Rc8 43. Kf4 Kd6 44. Ke3 a5 45. Rb1 Kc6 46. Ke4 h5 47. Ke5 b5 48.
Rc1+ Bc4 49. gxh5 gxh5 50. d5+ Kd7 51. Kd4 Kd6 52. a4 Bxd5 53. axb5 Bb7 54. Rd1 a4 55. Kc4+ Ke6 56. Kc5 a3 57. Re1+ Kf5 58. Ra1 Ra8 59.
Kb6 Bc8 60. Kc6 a2 61. Be7 Ke4 62. b6 Kd3 63. Bc5 Ra6 64. Rxa2 Rxa2 65. b7 Bxh3 66. c8=Q Bg2+ 67. Kc7 Rc2 68. Kd6 1-0

[Event "SELL Games"]
[Site "Tartu, Estonia"]
[Date "2023.05.19"]
[Round "5.3"]
[White "Simkunaite, Gabija"]
[Black "Sirp, Karl Aleksander"]
[Result "0-1"]
[TimeControl "15min + 10sec per move each"]
[WhiteTitle "WFM"]
[WhiteFideId "12808253"]
[BlackFideId "4504712"]
[WhiteElo "1964"]
[BlackElo "2033"]

1. e4 d5 2. exd5 Qxd5 3. Nc3 Qa5 4. Bc4 Nf6 5. d3 c6 6. Bd2 Qc7 7. Qe2 Bf5 8. f3 h5 9. O-O-O Nbd7 10.
Qf2 e6 11. Nge2 Nd5 12. Ne4 Be7 13. Nd4 Qb6 14. Rde1 Bg6 15. Rhf1 e5 16. Ne2 Qxf2 17. Nxf2 O-O-O 18. Nc3 Nxc3 19.
Bxc3 f6 20. f4 Bd6 21. fxe5 Nxe5 22. Be6+ Kb8 23. Ne4 Bc7 24. h3 Rhe8 25. Bf5 Bf7 26. Nc5 Bd6 27. Ne4 Bf8 28. Ng5 Bg8 29.
Bxe5+ Rxe5 30. Rxe5 fxe5 31. Bg6 Bc5 32. Ne4 Be3+ 33. Kd1 h4 34. Ke2 Bf4 35. Nd2 Bxd2 36. Kxd2 Bd5 37. Rf2 Rd6 38. Bh5 e4 39. dxe4 Bf7+ 40.
Ke3 Bxh5 41. Rf4 g5 42. Rf5 Rg6 43. c4 Rg7 44. c5 b6 45. b4 Kb7 46. a4 Bd1 47. a5 bxa5 48. bxa5 g4 49.
hxg4 Rxg4 50. Rf7+ Ka6 51. e5 Bb3 52. Rf4 Rxg2 53. Rxh4 Bd5 54. Kf4 Kxa5 55. Kf5 Rf2 56. Kg5 Be6 57.
Kg6 Kb5 58. Rd4 Kxc5 59. Rd6 Bd5 60. Rd7 a5 61. Kg5 Be6 62. Ra7 Rf5 63. Kg6 Kb6 64. Re7 Rxe5 65. Kf6 Re1 66. Rh7 Bd5 0-1

[Event "SELL Games"]
[Site "Tartu, Estonia"]
[Date "2023.05.19"]
[Round "5.4"]
[White "Obolonin, Filipp"]
[Black "Piksis, Davids"]
[Result "1-0"]
[TimeControl "15min + 10sec per move each"]
[WhiteFideId "4505549"]
[BlackFideId "11609117"]
[WhiteElo "2017"]
[BlackElo "1770"]

1. d4 Nf6 2. Nf3 e6 3.
g3 d5 4.
Bg2 Be7 5. O-O Nbd7 6. b3 O-O 7. Bb2 b6 8. Nbd2 Bb7 9. Rc1 Rc8 10. Ne5 c5 11. Nxd7 Qxd7 12. dxc5 Rxc5 13. c4 dxc4 14. Nxc4 Bxg2 15.
Kxg2 Rd8 16. Kg1 Rd5 17. Qc2 b5 18. Ne5 Qd6 19. Nf3 h6 20. e4 Rc5 21. Qxc5 Qxc5 22. Rxc5 Bxc5 23. Bxf6 gxf6 24. Rc1 Bb6 25. Kf1 Kg7 26. Ke2 Kg6 27. Ne1 f5 28.
exf5+ Kxf5 29. h3 f6 30. Nd3 e5 31. Rc6 h5 32. Ne1 Kg6 33. Ng2 Kg5 34. Rc3 Kg6 35. Nh4+ Kg5 36. Rf3 Rd6 37.
Rf5+ Kh6 38. Rxe5 Rc6 39. Rf5 Rc2+ 40. Kf1 Kg7 41. a4 bxa4 42. bxa4 Ra2 43.
Rf4 Kf7 44. Nf5 Kg6 45. Ne7+ Kf7 46. Nd5 Ke6 47. Nxb6 axb6 48. Rb4 Kf5 49. Kg2 Ra3 50. h4 Kg6 51. Rf4 Rb3 52. Kf1 b5 53.
axb5 Rxb5 54. Kg2 Rb3 55. Rf3 Rb5 56. Ra3 Rc5 57. Ra2 Rb5 58.
f3 Rb4 59. Re2 Ra4 60. Re4 Ra5 61.
Rb4 Rc5 62. g4 Rc6 63. Kg3 Ra6 64. Kf4 Ra5 65. Rb6 Ra4+ 66. Kg3 Ra5 67. g5 Rf5 68. Rxf6+ Rxf6 69. gxf6 Kxf6 70. Kf4 Ke6 71. Kg5 Kd5 1-0

[Event "SELL Games"]
[Site "Tartu, Estonia"]
[Date "2023.05.19"]
[Round "5.5"]
[White "Bekasovs, Rihards"]
[Black "Vanagas, Tadas"]
[Result "1-0"]
[TimeControl "15min + 10sec per move each"]
[WhiteFideId "11606029"]
[BlackFideId "12805467"]
[WhiteElo "2107"]
[BlackElo "2225"]

1. Nf3 Nf6 2. c4 g6 3. b3 Bg7 4. Bb2 O-O 5. g3 c6 6. Bg2 d5 7. O-O a5 8. cxd5 cxd5 9. Nc3 d4 10. Nb5 d3 11. e3 Nc6 12. Ne5 Bf5 13.
Nxc6 bxc6 14. Nd4 Be4 15. Nxc6 Qd6 16.
Bxf6 Qxc6 17. Bxg7 Bxg2 18. Bxf8 Bf3 19.
Rc1 Qd5 20. Bxe7 Bxd1 21. Rfxd1 Qd7 22. Bf6 Rc8 23. Rxc8+ Qxc8 24. Bc3 Qc5 25. Rb1 Qa3 26. b4 Qxa2 27. Ra1 Qc4 28. bxa5 Qa6 29. Rb1 f5 30. Rb6 Qa7 31. Rd6 g5 32.
a6 g4 33. Bd4 Qc7 34. a7 Qxd6 35.
a8=Q+ Kf7 36. Qb7+ 1-0

[Event "SELL Games"]
[Site "Tartu, Estonia"]
[Date "2023.05.19"]
[Round "5.6"]
[White "Maciuityte, Greta"]
[Black "Vaskevicius, Augustas"]
[Result "0-1"]
[TimeControl "15min + 10sec per move each"]
[WhiteFideId "12806765"]
[BlackFideId "12808008"]
[WhiteElo "1715"]
[BlackElo "1904"]

1. e4 c5 2. d4 cxd4 3. c3 g6 4. cxd4 d5 5. e5 Bg7 6. Nc3 a6 7. Nf3 Bg4 8. Be2 e6 9. Qb3 Bxf3 10.
Bxf3 Nc6 11. Be3 b5 12. Nxd5 Na5 13. Qc3 exd5 14. Bd2 Nc4 15. Bf4 Ne7 16. b3 Qa5 17. b4 Qa3 18. Qxa3 Nxa3 19.
Rc1 Nc4 20. O-O O-O 21. Bg5 f6 22. exf6 Bxf6 23. Bh6 Rfd8 24. Rfe1 Nf5 25. Be3 Bxd4 26. Bg5 Rd7 27. Red1 Ne5 28.
Be2 Nf7 29. Bf4 Be5 30. Bd2 Rad8 31. Bg4 h5 32. Bf3 Nd4 33. Be3 Nxf3+ 34. gxf3 d4 35. Bd2 Rc7 36. Rxc7 Bxc7 37. Rc1 Be5 38. Rc6 Rd6 39. Rc8+ Kg7 40. f4 Bf6 41. a3 d3 42.
Kf1 Re6 43. Be3 Rd6 44. Bd2 Nd8 45. Rc7+ Kg8 46. f5 gxf5 47. Rc5 Ne6 48. Rxf5 Nd4 49. Rc5 Nf3 50. Rc8+ Kf7 51. Rc7+ Kg6 52.
Bf4 d2 0-1

[Event "SELL Games"]
[Site "Tartu, Estonia"]
[Date "2023.05.19"]
[Round "5.7"]
[White "Sibajeva, Marija"]
[Black "Galdikaite, Greta"]
[Result "1-0"]
[TimeControl "15min + 10sec per move each"]
[WhiteTitle "WFM"]
[WhiteFideId "12807583"]
[BlackFideId "12819956"]
[WhiteElo "1953"]
[BlackElo "1195"]

1. e4 e5 2. Nf3 Nc6 3.
Bc4 Bc5 4. O-O d6 5. d3 Bg4 6. c3 h6 7. Nbd2 Nf6 8. Re1 O-O 9. h3 Bh5 10. Nf1 Na5 11. Bb5 Bb6 12. Ng3 Bg6 13.
Nh4 Bh7 14. Ngf5 a6 15. Ba4 Ba7 16. Qf3 b5 17. Bd1 Nc6 18. Qg3 Ne8 19. Bxh6 Qf6 20. Bg5 Qe6 21. Bg4 Bxf5 22. Bxf5 1-0

[Event "SELL Games"]
[Site "Tartu, Estonia"]
[Date "2023.05.19"]
[Round "5.8"]
[White "Perminaite, Guoda"]
[Black "Mikelsons, Mikelis-Emils"]
[Result "0-1"]
[TimeControl "15min + 10sec per move each"]
[WhiteFideId "12808784"]
[BlackFideId "11607475"]
[WhiteElo "1725"]
[BlackElo "1877"]

1. e4 e5 2. Nf3 Nc6 3. Bb5 f5 4. d3 fxe4 5. dxe4 Nf6 6.
Nbd2 Bc5 7. O-O d6 8. h3 O-O 9. Bc4+ Kh8 10. Qe2 Nh5 11. Nb3 Ng3 12. Qd3 Nxf1 13. Kxf1 Bb6 14. Bg5 Qe8 15.
a4 a5 16. Bb5 Qh5 17. h4 Bg4 18. Bxc6 Bxf3 19. Bxb7 Bxg2+ 20. Kxg2 Qg4+ 21. Kh1 Rf3 22. Bxa8 Qh3+ 23. Kg1 Bxf2# 0-1

[Event "SELL Games"]
[Site "Tartu, Estonia"]
[Date "2023.05.20"]
[Round "6.1"]
[White "Obolonin, Filipp"]
[Black "Stauskas, Lukas"]
[Result "0-1"]
[TimeControl "15min + 10sec per move each"]
[WhiteFideId "4505549"]
[BlackFideId "12808148"]
[WhiteElo "2017"]
[BlackElo "2296"]

1. d4 d5 2. Nf3 Nf6 3. g3 e6 4. Bg2 b5 5.
O-O Be7 6. a4 b4 7. c4 bxc3 8. bxc3 Ba6 9. Nfd2 O-O 10. Re1 c5 11. Ba3 cxd4 12. cxd4 Nc6 13. e3 Nb4 14. Bf1 Bxf1 15. Rxf1 Qd7 16.
Qb3 Rab8 17. Nc3 Rfc8 18. Rfb1 a5 19. Rb2 Rb6 20. Nf3 Qb7 21. Nb5 Ne4 22. Nd2 Nxd2 23. Rxd2 Rbc6 24. Re2 Nc2 25.
Rb1 Nb4 26. Bxb4 Bxb4 27. Rbb2 Qd7 28. Rbc2 Rc4 29. e4 Rxc2 30. Rxc2 dxe4 31. Rc4 h6 32. Qc2 Rxc4 33. Qxc4 Qd5 34.
Qc8+ Kh7 35. Qc2 f5 36.
Nc7 Qxd4 37. Nxe6 Qc3 38. Qa2 e3 39. Nf4 Qc1+ 40. Kg2 Qc6+ 41. Kh3 exf2 42. Qxf2 Qxa4 43. Qb6 Qe8 44. Qa6 Qf7 45.
Qb5 Qf6 46. Nd5 Qe5 47. Qc6 Qe4 48. Qd7 Qg4+ 49. Kg2 Qe2+ 50. Kh3 Qe5 51. Kg2 Bd2 52. Ne7 Qe2+ 53. Kh3 Qf1+ 0-1

[Event "SELL Games"]
[Site "Tartu, Estonia"]
[Date "2023.05.20"]
[Round "6.2"]
[White "Sirp, Karl Aleksander"]
[Black "Vardanyan, Aras"]
[Result "0-1"]
[TimeControl "15min + 10sec per move each"]
[BlackTitle "FM"]
[WhiteFideId "4504712"]
[BlackFideId "12808792"]
[WhiteElo "2033"]
[BlackElo "2255"]

1. d4 Nf6 2. c4 c5 3. e3 cxd4 4. exd4 d5 5. Nc3 Nc6 6. Be3 g6 7. Nf3 Bg7 8. c5 O-O 9. Be2 Ne4 10.
O-O b6 11. Qa4 Nxc3 12. bxc3 Bd7 13. Bb5 Qc7 14. cxb6 axb6 15. Qb3 e6 16. g3 Na5 17. Qb4 Bxb5 18. Qxb5 Qxc3 19. Rfc1 Qa3 20. Rc7 Nc4 21. Re1 Qxa2 22.
Ng5 Ra7 23. Rc6 Qa4 24. Qxa4 Rxa4 25. Rc7 Ra3 26. Kg2 h6 27. Nf3 Rb8 28. Bf4 Rba8 29. Ne5 Nxe5 30. dxe5 Rb8 31. h4 b5 32.
Rb1 b4 33. Rc2 b3 34. Rc3 g5 35. hxg5 hxg5 36. Bc1 Ra2 37. Rcxb3 Rxb3 38. Rxb3 Bxe5 39. Bxg5 Bd4 40. Be3 Bf6 41. Kf3 Kg7 42. Rb7 Kg6 43.
Rd7 Ra4 44. Ke2 d4 45. Bd2 Ra3 46. f3 e5 47. g4 Bg7 48. Rd6+ f6 49. f4 Bf8 50. Rd8 Bc5 51. Rd5 Ba7 52.
fxe5 fxe5 53. Rxe5 d3+ 54. Kf3 Ra2 55.
Bf4 Rf2+ 56. Kg3 Rf1 57. Re6+ Kf7 58.
Rd6 Bb8 59. Rd7+ Ke6 60. Rxd3 Rxf4 61. Kh3 Rf2 62. g5 Kf5 63. Rd5+ Be5 0-1

[Event "SELL Games"]
[Site "Tartu, Estonia"]
[Date "2023.05.20"]
[Round "6.3"]
[White "Tvarijonas, Tomas"]
[Black "Laurusas, Tomas"]
[Result "0-1"]
[TimeControl "15min + 10sec per move each"]
[WhiteTitle "FM"]
[BlackTitle "GM"]
[WhiteFideId "12805432"]
[BlackFideId "12803731"]
[WhiteElo "2181"]
[BlackElo "2504"]

1. e4 c5 2. Nf3 e6 3. d4 cxd4 4. Nxd4 a6 5. Bd3 Ne7 6. O-O Nec6 7. Nf3 d6 8. c4 Nd7 9. Be3 Be7 10.
Nc3 O-O 11. Rc1 b6 12. Nd4 Bb7 13. Nxc6 Bxc6 14. f4 Qb8 15. Qe2 Re8 16. Bd4 Bf8 17. Bb1 b5 18. cxb5 axb5 19. a3 b4 20.
axb4 Qxb4 21. Qf2 Rab8 22. Ne2 Rec8 23. Bc3 Qb7 24. Ng3 Nc5 25. Rce1 Na4 26. Bd4 Bb5 27. Nh5 e5 28. fxe5 dxe5 29.
Bxe5 Bc5 30. Bd4 Bxf1 31. Bxc5 Rxc5 32. e5 Qxg2+ 33. Qxg2 Bxg2 34. Kxg2 Re8 35. b3 Nc3 36. Bd3 Rcxe5 0-1

[Event "SELL Games"]
[Site "Tartu, Estonia"]
[Date "2023.05.20"]
[Round "6.4"]
[White "Bekasovs, Rihards"]
[Black "Simkunaite, Gabija"]
[Result "0-1"]
[TimeControl "15min + 10sec per move each"]
[BlackTitle "WFM"]
[WhiteFideId "11606029"]
[BlackFideId "12808253"]
[WhiteElo "2107"]
[BlackElo "1964"]

1. d4 d5 2. c4 e6 3. Nf3 Nf6 4.
g3 Be7 5. Bg2 O-O 6. Qc2 Nbd7 7. O-O b6 8. cxd5 exd5 9. Bf4 c5 10. Nc3 Bb7 11. Rfd1 Rc8 12. Rac1 Re8 13. Bg5 Ne4 14.
Bxe7 Qxe7 15. Qa4 Bc6 16. Qxa7 Ra8 17. Qc7 Rec8 18. Qf4 Nxc3 19. bxc3 Rxa2 20. e3 Nf6 21. Ne5 Ba4 22. Ra1 Bxd1 23. Rxa2 h6 24. Ra1 Bc2 25.
h4 Be4 26. Bh3 Re8 27. Nc6 Qb7 28.
Ne5 Qc7 29. Bg2 cxd4 30. cxd4 Bxg2 31. Kxg2 b5 32. Rb1 Rb8 33. Qf5 b4 34. Qd3 Ne4 35. Rb2 Qc1 36. Rb1 Qc7 37. Rb2 Nd6 38.
Rc2 Qb7 39. Qb3 Nc4 40. Nd3 Na5 41. Qa4 b3 42. Rd2 Nc4 43. Rd1 Qe7 44. Kg1 b2 45. Rb1 Qe4 46. Qd1 Rb5 47. Kh2 Qf5 48.
Kg2 Qe4+ 49. Kh2 Rb8 50. Kg1 Qf5 51. Kg2 Qe6 52. Kh2 Qf6 53. Kg2 Qf5 54. Kg1 Rb6 55. Kg2 Rf6 56. Qe2 Qe4+ 57.
Kg1 Rb6 58. Qd1 g6 59. Kh2 h5 60. Kg1 Kg7 61. Kh2 Kh7 62. Kg1 Qe6 63. Qe2 Qf5 64. Kg2 Rb3 65. Rxb2 Rxd3 66. Ra2 Rb3 67. Rc2 Qe4+ 68. Kh2 Rb1 0-1

[Event "SELL Games"]
[Site "Tartu, Estonia"]
[Date "2023.05.20"]
[Round "6.5"]
[White "Vaskevicius, Augustas"]
[Black "Sibajeva, Marija"]
[Result "1/2-1/2"]
[TimeControl "15min + 10sec per move each"]
[BlackTitle "WFM"]
[WhiteFideId "12808008"]
[BlackFideId "12807583"]
[WhiteElo "1904"]
[BlackElo "1953"]

1. d4 d5 2. c4 dxc4 3. Nf3 a6 4. e3 Nf6 5. Bxc4 e6 6. O-O c5 7. b3 Nbd7 8. Bb2 b5 9. Be2 Bb7 10.
a4 b4 11. Nbd2 Bd6 12. Nc4 Bc7 13. Rc1 Qb8 14. h3 cxd4 15. Nxd4 O-O 16. Bf3 Rd8 17. Qe2 Ne4 18. Rfd1 Ndc5 19.
Qc2 Bd5 20. Nd2 Nxd2 21. Rxd2 Bxf3 22. Nxf3 Bb6 23. Bd4 Rc8 24. Qb2 Ne4 25. Rxc8+ Qxc8 26. Rc2 Qd8 27. Bxg7 f6 28. Rc4 Qd1+ 29.
Kh2 Qd6+ 30. g3 f5 31. Bh6 Qe7 32. Rc6 Bc7 33. Nd4 Nc3 34. Rxe6 Qf7 35. Qc2 Re8 36. Rxe8+ Qxe8 37. Qxf5 Qe7 38.
Ne6 Bd6 39. Qg4+ Kf7 40. Nd4 Qf6 41. Bg5 Qxf2+ 42. Kh1 Qf1+ 43. Kh2 Qf2+ 1/2-1/2

[Event "SELL Games"]
[Site "Tartu, Estonia"]
[Date "2023.05.20"]
[Round "6.6"]
[White "Mikelsons, Mikelis-Emils"]
[Black "Vanagas, Tadas"]
[Result "0-1"]
[TimeControl "15min + 10sec per move each"]
[WhiteFideId "11607475"]
[BlackFideId "12805467"]
[WhiteElo "1877"]
[BlackElo "2225"]

1. c4 Nf6 2. d4 g6 3. Nc3 d5 4.
cxd5 Nxd5 5. Bd2 Bg7 6. e4 Nb6 7.
d5 c6 8.
a4 cxd5 9. a5 Nc4 10. Bxc4 dxc4 11. Qa4+ Nc6 12. Nf3 O-O 13. a6 Qb6 14.
axb7 Bxb7 15. O-O a5 16. Nd5 Qb3 17. Bc3 Bxc3 18. bxc3 e6 19. Nf6+ Kg7 20. Nd7 Rfd8 21. Nc5 Qxa4 22. Rxa4 Ba6 23. Nxa6 Rxa6 24. Rfa1 h6 25. h4 Kf6 26. Rxc4 g5 27. hxg5+ hxg5 28.
e5+ Nxe5 29. Nxe5 Kxe5 30. Rc5+ Rd5 31. Rc7 Kf6 32. Ra4 Rb6 33. Kh2 Rb2 34. Rg4 Rxf2 35. c4 Rdf5 36. c5 Rc2 37.
c6 Rfc5 38. Ra4 Rxc6 0-1